AoeStats
← NotGG

Arena

510166033Analyzed
4v4 RM · 3d ago on Sep 29, 2026· 58m 29s· 8 players
Game mode
Random Map
Map size
Large (8 player)
Population
200
Speed
Normal
Resources
Standard
Victory
Conquest
Starting age
Dark Age
Ending age
Imperial Age
RankedLock teamsTeams togetherTeam positionsShared explorationLock speedFull tech treeHidden civsTurbo modeCheats
Victory
Defeat
🇬🇧 Khmer · United Kingdom
1296
+13
🇧🇷 Mongols · Brazil
1218
+16
🇧🇷 Varangians · Brazil
1188
+17
🇪🇸 Slavs · Spain
1091
+20
🇲🇽 Saxons · Mexico
1282
-19
🇲🇽 Cumans · Mexico
1216
-17
🇦🇷 Byzantines · Argentina
1213
-17
🇲🇽 Armenians · Mexico
1130
-13
HATamaTAH
10:08 Feudal Age
13:07 Loom
15:39 Castle Age
13:53 Double-Bit Axe
14:18 Horse Collar
17:52 Heavy Plow
26:23 Scale Mail Armor
27:54 Forging
32:42 Iron Casting
36:45 Imperial Age
35:25 Chain Mail Armor
35:51 Wheelbarrow
35:03 Gambesons
35:20 Squires
35:07 Arson
37:20 Elite Varangian Guard
38:13 Bow Saw
55:20 Pikeman
57:37 Blast Furnace
57:17 Caravan
57:50 Plate Mail Armor
58:18 Hand Cart
57:59 Gold Mining
elitedurasteel
8:47 Feudal Age
11:39 Castle Age
21:56 Horse Collar
24:07 Wheelbarrow
23:18 Double-Bit Axe
23:34 Heavy Plow
24:23 Bow Saw
27:45 Hand Cart
28:05 Loom
31:08 Gold Mining
34:19 Imperial Age
32:59 Gold Shaft Mining
32:14 Stone Mining
33:30 Stone Shaft Mining
34:18 Ballistics
35:34 Crop Rotation
35:12 Scale Barding Armor
35:18 Forging
36:13 Chemistry
35:43 Conscription
35:26 Double Crossbow
35:53 Siege Engineers
36:10 Elite Ballista Elephant
37:42 Fletching
39:01 Chain Barding Armor
38:38 Bodkin Arrow
39:03 Fortified Wall
39:04 Masonry
40:01 Bloodlines
39:53 Husbandry
39:31 Light Cavalry
41:33 Hussar
43:59 Plate Barding Armor
44:01 Iron Casting
43:29 Tusk Swords
43:16 Heavy Scorpion
44:51 Elite Battle Elephant
48:19 Hoardings
48:52 Blast Furnace
49:07 Bracer
49:40 Caravan
53:11 Padded Archer Armor
53:12 Scale Mail Armor
53:57 Murder Holes
Pr8feSS8r
10:56 Feudal Age
16:20 Castle Age
14:40 Stone Mining
16:08 Loom
20:39 Castle Age
21:51 Loom
23:07 Double-Bit Axe
25:15 Bow Saw
26:30 Detinets
28:17 Wheelbarrow
27:32 Horse Collar
29:03 Murder Holes
29:55 Heavy Plow
30:57 Hand Cart
31:28 Gold Mining
32:56 Gold Shaft Mining
35:13 Fortified Wall
39:25 Imperial Age
38:45 Pikeman
39:37 Fletching
40:10 Town Watch
39:53 Halberdier
40:53 Bodkin Arrow
41:31 Forging
41:49 Ballistics
42:38 Two-Man Saw
42:11 Crop Rotation
42:07 Scale Mail Armor
42:12 Squires
42:42 Conscription
44:03 Iron Casting
43:43 Chain Mail Armor
43:44 Masonry
44:35 Chemistry
46:01 Blast Furnace
46:07 Druzhina
46:45 Hoardings
49:05 Caravan
52:22 Plate Mail Armor
Rbofff
11:07 Feudal Age
14:58 Castle Age
13:14 Double-Bit Axe
13:54 Horse Collar
17:24 Fletching
17:58 Gold Mining
22:09 Bow Saw
23:05 Bodkin Arrow
26:07 Wheelbarrow
27:14 Husbandry
27:44 Padded Archer Armor
28:23 Bloodlines
32:44 Imperial Age
31:31 Leather Archer Armor
32:38 Ballistics
33:03 Heavy Plow
35:11 Chemistry
34:49 Gold Shaft Mining
37:17 Conscription
36:22 Light Cavalry
37:13 Forging
37:07 Bracer
39:37 Thumb Ring
41:46 Parthian Tactics
41:46 Forging
42:41 Scale Barding Armor
47:11 Loom
52:38 Chain Barding Armor
52:54 Iron Casting
56:46 Elite Mangudai
58:25 Hand Cart
[ Wildpigs ] RonRon
10:19 Feudal Age
10:33 Man-at-Arms
11:20 Long Swordsman
13:30 Pikeman
22:58 Castle Age
23:13 Fletching
23:05 Crossbowman
24:05 Bodkin Arrow
29:17 Loom
30:37 Ballistics
34:20 Wheelbarrow
33:30 Town Watch
39:59 Imperial Age
[ Wildpigs ] Er
10:25 Feudal Age
15:02 Castle Age
13:05 Horse Collar
13:28 Double-Bit Axe
24:47 Gambesons
25:13 Forging
26:39 Scale Mail Armor
30:06 Gold Mining
32:34 Elite Skirmisher
33:08 Fletching
34:42 Bodkin Arrow
36:37 Ballistics
40:22 Imperial Age
40:43 Wheelbarrow
40:24 Elite Varangian Guard
41:28 Bracer
44:14 Thumb Ring
46:23 Chemistry
47:10 Padded Archer Armor
47:29 Hand Cart
47:35 Shield Wall
48:31 Pikeman
50:26 Iron Casting
50:06 Chain Mail Armor
49:33 Halberdier
54:20 Conscription
[ Wildpigs ] Mighty MOSE
9:27 Feudal Age
10:07 Loom
12:49 Double-Bit Axe
18:13 Horse Collar
21:25 Scale Barding Armor
21:32 Bloodlines
25:58 Castle Age
27:08 Wheelbarrow
27:21 Chain Barding Armor
27:58 Forging
28:59 Heavy Plow
30:32 Hand Cart
30:59 Town Watch
34:13 Iron Casting
37:38 Imperial Age
37:53 Cavalier
39:10 Plate Barding Armor
39:35 Blast Furnace
39:59 Paladin
44:36 Steppe Husbandry
44:34 Onager
46:37 Siege Onager
50:45 Fletching
52:04 Cuman Mercenaries
52:07 Bodkin Arrow
53:42 Padded Archer Armor
54:08 Ballistics
54:49 Chemistry
53:45 Murder Holes
53:25 Light Cavalry
NotGG
6:39 Loom
8:41 Feudal Age
9:18 Double-Bit Axe
16:24 Castle Age
14:33 Horse Collar
15:57 Gold Mining
17:14 Wheelbarrow
17:42 Bow Saw
18:33 Fervor
22:04 Stone Mining
24:18 Treadmill Crane
26:41 Hand Cart
29:04 Imperial Age
29:01 Stone Shaft Mining
29:38 Ballistics
29:40 Forging
30:03 Scale Barding Armor
30:54 Fletching
31:55 Iron Casting
32:00 Chain Barding Armor
33:33 Plate Barding Armor
33:10 Murder Holes
33:19 Husbandry
33:44 Conscription
33:47 Bodkin Arrow
34:27 Padded Archer Armor
35:01 Logistica
36:24 Chemistry
37:41 Elite Cataphract
44:41 Hand Cart
44:59 Coinage
44:39 Guilds
50:19 Pikeman
50:45 Gambesons
51:00 Squires
51:11 Scale Mail Armor
51:12 Bracer
51:12 Halberdier
51:37 Arson
51:30 Capped Ram
53:14 Chain Mail Armor
53:15 Leather Archer Armor
Connection lost

Rejoining the realm…

Still unreachable

The connection could not be restored.

Session expired

The server has moved on; the page needs a fresh start.